 Dungeon Sprint DCSS version 0.30-a0-799-g109b55a442 (webtiles) character file.

Game seed: 4489887622513885680

2295 BigDaddyOpFi the Fighter (level 9, 0/93 HPs)
             Began as a Minotaur Berserker on Feb 20, 2023.
             Was a High Priest of Trog.
             Slain by an orc warrior
             ... wielding a +0 trident
              (10 damage)
             ... in the Dungeon (Sprint III: "The Ten Rune Challenge").
             The game lasted 00:02:02 (1208 turns).

BigDaddyOpFi the Fighter (Minotaur Berserker)       Turns: 1208, Time: 00:02:03

Health: 0/93       AC:  3    Str: 26    XL:     9   Next: 17%
Magic:  8/8        EV: 16    Int:  4    God:    Trog [*****.]
Gold:   31         SH:  0    Dex: 10    Spells: 8/8 levels left

rFire   . . .      SeeInvis .    k - +2 club (spect)
rCold   . . .      Faith    .    (no shield)
rNeg    . . .      Spirit   .    b - +0 animal skin
rPois   .          Reflect  .    (helmet restricted)
rElec   .          Harm     .    (no cloak)
rCorr   .          Rampage  .    (no gloves)
Will    .....      Clarity  +    (no boots)
Stlth   +          NoTele   +    (no amulet)
HPRegen 0.35/turn                (no ring)
MPRegen 0.11/turn                (no ring)

@: on berserk cooldown, slowed, very slow
A: horns 2, retaliatory headbutt, hooves 1, clarity, wild magic 1
a: Renounce Religion, Berserk, Trog's Hand, Brothers in Arms


You were in the Dungeon.
You worshipped Trog.
Trog was extremely pleased with you.
You visited 1 branch You collected 31 gold pieces.

Inventory:

Hand Weapons
 a - a +0 hand axe
 k - a +2 spectral club (weapon)
Armour
 b - a +0 animal skin (worn)
Scrolls
 h - a scroll of blinking
 i - 4 scrolls of identify
 l - 2 scrolls of immolation {unknown}
Potions
 c - 2 potions of curing
 e - 3 potions of haste
 f - 2 potions of magic
 g - 2 potions of berserk rage
 j - a potion of lignification {unknown}
 m - 2 potions of flight
 n - 2 potions of mutation
Miscellaneous
 o - a phial of floods


   Skills:
 + Level 13.0 Fighting
 - Level 5.0(9.2) Axes
 + Level 12.0(12.4) Maces & Flails
 + Level 12.7 Armour
 + Level 11.7 Dodging


You had 8 spell levels left.
You didn't know any spells.
Your spell library was empty.

Dungeon Overview and Level Annotations

Branches:
Dungeon (1/1)

Altars:
Cheibriados
Dithmenos
Elyvilon
Fedhas
Gozag
Hepliaklqana
Kikubaaqudgha
Makhleb
Nemelex Xobeh
Okawaru
Qazlal
Ru
Sif Muna
Trog
Uskayaw
Vehumet
Wu Jian
Xom
Yredelemnul
Zin
The Shining One
Jiyva
Lugonu

Shops:
D (


Innate Abilities, Weirdness & Mutations

You have a pair of horns on your head.
You reflexively headbutt those who attack you in melee.
You have large cloven feet.
You possess an exceptional clarity of mind.
Your spells are a little harder to cast, but a little more powerful.


Message History

Your headbutt misses the orc knight.
The orc knight is almost dead.
Your +2 spectral club hits the orc knight!
You kill the orc knight!
Trog accepts your kill.
The orc warrior closely misses your +2 spectral club.
The orc high priest prays to Beogh.
The orc warrior hits you from afar with a +0 trident!
* * * LOW HITPOINT WARNING * * *
The orc priest invokes the aid of Beogh against you.
Beogh smites you!
* * * LOW HITPOINT WARNING * * *
The orc wizard closely misses your +2 spectral club.
Your Fighting skill increases to level 13!
Your Maces & Flails skill increases to level 12!
You have reached level 9!
Your experience leads to an increase in your attributes!
Increase (S)trength, (I)ntelligence, or (D)exterity?
You feel stronger. x2
Unknown command.
You feel a strong urge to attack something.
The orc priest invokes the aid of Beogh against you.
You struggle to resist.
There is an open door to the Orcish Mines here.
You slam the door shut with a bang!
You feel your anger nearly subside.
You are no longer berserk.
You are exhausted.
You feel yourself slow down.
An orc warrior opens the door.
The orc wizard no longer looks unusually strong.
The orc priest calls down the wrath of Beogh upon you.
Beogh smites you!
* * * LOW HITPOINT WARNING * * *
There is an open door here.
You close the door.
An orc warrior breaks down the door.
You feel much better.
The orc warrior hits you from afar with a +0 trident!
* * * LOW HITPOINT WARNING * * *
The orc warrior hits you from afar with a +0 trident!
You die...

#..#..#..)#__)#._#$oo4o...
#..#..###'#'###)##ooo.oo3.
##'#..#..........#oo.o4oo.
###...'.⌠........#)#
###...#...######'#o#
##....#.⌠.#__#...#'#####
#.....#...#__#...#.o~§~+
......#)###__#...#o#§§§#
#.....#):.#__#..@'.#§§.#
##....#___#__'...#.#..§#
▓▓▓▓▓▓▓▓▓▓▓▓▓▓▓▓▓▓▓▓▓▓▓


You could see an orc warrior (strong) and an orc (strong).

Vanquished Creatures
  Erica (D)
  A deep elf pyromancer (D)
  An orc knight (D)
  A shadow (D)
  A spatial vortex (D)
  A necrophage (D)
  A water elemental (D)
  A scorpion (D)
  A jelly (D)
  An orc priest (D)
  Jessica (D)
  A necromancer (D)
  A kobold demonologist (D)
  3 humans (D)
  2 orcs (D)
  3 rats (D)
21 creatures vanquished.

Vanquished Creatures (others)
  A wizard (D)
1 creature vanquished.

Grand Total: 22 creatures vanquished

Notes
Turn   | Place    | Note
-------+----------+-------------------------------------------
     0 | D        | BigDaddyOpFi the Minotaur Berserker began the quest for the
                  | Orb.
     0 | D        | Reached XP level 1. HP: 19/19 MP: 0/0
    29 | D        | Reached ** piety under Trog
    38 | D        | Noticed Jessica
    48 | D        | Killed Jessica
    49 | D        | Reached skill level 5 in Fighting
    49 | D        | Reached skill level 5 in Axes
    49 | D        | Reached XP level 2. HP: 13/29 MP: 1/1
   206 | D        | Noticed a scorpion
   211 | D        | Killed a scorpion
   212 | D        | Reached skill level 6 in Fighting
   212 | D        | Reached skill level 5 in Armour
   212 | D        | Reached skill level 5 in Dodging
   212 | D        | Reached XP level 3. HP: 22/37 MP: 2/2
   212 | D        | Reached XP level 4. HP: 27/44 MP: 3/3
   494 | D        | Gained mutation: Your muscles are strong. (Str +4, Int/Dex
                  | -1) [potion of mutation]
   494 | D        | Gained mutation: Your body sometimes deteriorates upon
                  | taking damage. [potion of mutation]
   494 | D        | Gained mutation: Your flesh is cold resistant. (rC+)
                  | [potion of mutation]
   495 | D        | Lost mutation: Your flesh is cold resistant. (rC+) [potion
                  | of mutation]
   495 | D        | Lost mutation: Your body sometimes deteriorates upon taking
                  | damage. [potion of mutation]
   495 | D        | Lost mutation: Your muscles are strong. (Str +4, Int/Dex
                  | -1) [potion of mutation]
   495 | D        | Gained mutation: Your spells are a little harder to cast,
                  | but a little more powerful. [potion of mutation]
   495 | D        | Gained mutation: You have large cloven feet. [potion of
                  | mutation]
   495 | D        | Gained mutation: You possess an exceptional clarity of
                  | mind. [potion of mutation]
   501 | D        | Noticed a water elemental
   505 | D        | Killed a water elemental
   505 | D        | Reached *** piety under Trog
   506 | D        | Reached skill level 7 in Fighting
   506 | D        | Reached XP level 5. HP: 52/52 MP: 4/4
   541 | D        | Found a radiant altar of Vehumet.
   541 | D        | Found a shimmering blue altar of Sif Muna.
   541 | D        | Found an ancient bone altar of Kikubaaqudgha.
   544 | D        | Reached skill level 5 in Maces & Flails
   829 | D        | Found a glowing silver altar of Zin.
   829 | D        | Found a glowing golden altar of the Shining One.
   829 | D        | Found a white marble altar of Elyvilon.
   830 | D        | Noticed a deep elf pyromancer
   835 | D        | Killed a deep elf pyromancer
   836 | D        | Reached skill level 10 in Fighting
   836 | D        | Reached XP level 6. HP: 66/66 MP: 5/5
   836 | D        | Reached XP level 7. HP: 72/72 MP: 6/6
   920 | D        | Found a hide-covered altar of Uskayaw.
   920 | D        | Found an iron altar of Okawaru.
   920 | D        | Found a bloodstained altar of Trog.
   920 | D        | Found an ornate altar of the Wu Jian Council.
   920 | D        | Noticed a human
   924 | D        | Killed a human
   924 | D        | Reached **** piety under Trog
   925 | D        | Reached skill level 10 in Armour
   925 | D        | Noticed a human
   929 | D        | Killed a human
   988 | D        | Found a basalt altar of Yredelemnul.
   988 | D        | Found a shadowy altar of Dithmenos.
   988 | D        | Found a sacrificial altar of Ru.
   994 | D        | Reached skill level 11 in Fighting
  1039 | D        | Noticed a shadow
  1045 | D        | Killed a shadow
  1046 | D        | Reached skill level 10 in Maces & Flails
  1046 | D        | Reached skill level 10 in Dodging
  1046 | D        | Reached XP level 8. HP: 82/82 MP: 7/7
  1080 | D        | Found a blossoming altar of Fedhas.
  1080 | D        | Found a stormy altar of Qazlal.
  1081 | D        | Found a snail-covered altar of Cheibriados.
  1081 | D        | Found a burning altar of Makhleb.
  1081 | D        | Found a hazy altar of Hepliaklqana.
  1081 | D        | Found a shimmering altar of Xom.
  1081 | D        | Found an opulent altar of Gozag.
  1081 | D        | Found a sparkling altar of Nemelex Xobeh.
  1081 | D        | Found a corrupted altar of Lugonu.
  1081 | D        | Found a viscous altar of Jiyva.
  1089 | D        | Reached ***** piety under Trog
  1136 | D        | Noticed Erica
  1141 | D        | Killed Erica
  1142 | D        | Reached skill level 12 in Fighting
  1185 | D        | Noticed an orc knight
  1185 | D        | Found Liusalih's Weapon Shop.
  1185 | D        | Noticed an orc high priest
  1186 | D        | Received a gift from Trog
  1191 | D        | Noticed an ice devil
  1191 | D        | Noticed an orange demon
  1199 | D        | Killed an orc knight
  1200 | D        | Reached skill level 13 in Fighting
  1200 | D        | Reached XP level 9. HP: 19/93 MP: 8/8
  1200 | D        | Noticed a smoke demon
  1205 | D        | HP: 3/93 [orc priest/divine providence (12)]
  1208 | D        | Slain by an orc warrior

Illustrated notes

Levels and vault maps discovered:
D:        dungeon_sprint_mu [sprint_mu_entry_cave, sprint_mu_temple_rooms,
          sprint_mu_d1_horrors, sprint_mu_d2_genie, sprint_mu_d3_branching,
          sprint_mu_orc_legion, sprint_mu_elf_gauntlet, sprint_mu_hive_nellie,
          sprint_mu_lair_fedhas, sprint_mu_vaults_butterflies,
          sprint_mu_slime_circle, sprint_mu_swamp_cave, sprint_mu_snake_twists,
          sprint_mu_blade_basic, sprint_mu_crypt_fortress,
          sprint_mu_tomb_spiral, sprint_mu_vestibule_basic,
          sprint_mu_gehenna_hellfire, sprint_mu_dis_giant,
          sprint_mu_tartarus_statrot, sprint_mu_cocytus_islands, sprint_mu_zot1]

Skill      XL: |  1  2  3  4  5  6  7  8 |
---------------+-------------------------+-----
Fighting       | 5 6 7 10 11 13 | 13.0
Axes           | 5 |  5.0
Armour         | 4 5 6 9 11 12 | 12.7
Dodging        | 3 5 6 8 10 11 | 11.7
Maces & Flails | 3 4 8 10 12 | 12.0

Action                     |  1- 3 |  4- 6 |  7- 9 || total
---------------------------+-------+-------+-------++-------
  Melee: Hand axe          |     9 |       |       ||     9
         Club              |     3 |    19 |    35 ||    57
         Headbutt          |       |     1 |     4 ||     5
         Kick              |       |     4 |    12 ||    16
 Invoke: Berserk           |     2 |     2 |     5 ||     9
    Use: Potion            |       |     2 |     1 ||     3
 Armour: Animal skin       |     1 |     2 |     1 ||     4
  Dodge: Dodged            |     2 |     5 |    11 ||    18

Table legend: (Time is in decaauts)
 A = Elapsed time spent in this place.
 B = Non-inter-level travel time spent in this place.
 C = Inter-level travel time spent in this place.
 D = Time resting spent in this place.
 E = Time spent auto-exploring this place.
 F = Levels seen in this place.
 G = Mean time per level.
                   A        B        C        D        E       F      G
               +--------+--------+--------+--------+--------+-----+--------+
         Total |   1282 |   1282 |      0 |   1054 |      0 |   1 | 1282.0 |
       Dungeon |   1282 |   1282 |      0 |   1054 |      0 |   1 | 1282.0 |
               +--------+--------+--------+--------+--------+-----+--------+

Top non-repeatable levels by time:
       D: 1282 daAuts
